 Dungeon Crawl Stone Soup version 0.20.2-3-g29329e0561 (webtiles) character file.

926 Alfie the Slasher (level 7, 0/67 HPs)
             Began as a Minotaur Fighter on Sept 14, 2020.
             Slain by a centaur (4 damage)
             ... on level 5 of the Dungeon.
             The game lasted 00:08:58 (2827 turns).

Alfie the Slasher (Minotaur Fighter)                Turns: 2827, Time: 00:08:59

Health: 0/67       AC: 10    Str: 23    XL:     7   Next: 85%
Magic:  6/6        EV:  9    Int:  5    God:
Gold:   249        SH: 10    Dex:  7    Spells: 6/6 levels left

rFire    . . .     SeeInvis .   a - +0 long sword
rCold    . . .     Gourm    .   c - +0 shield
rNeg     + . .     Faith    .   b - +0 scale mail
rPois    .         Spirit   .   (helmet restricted)
rElec    .         Reflect  .   v - +0 cloak
rCorr    .         Harm     .   o - +0 pair of gloves
MR       .....                  (no boots)
Stlth    ..........             (no amulet)
Regen    0.3/turn               e - ring of positive energy
MPRegen  0.1/turn               (no ring)

@: very slightly contaminated
A: retaliatory headbutt, horns 2, clumsy 1, robust 1
a: no special abilities


You were on level 5 of the Dungeon.
You were not hungry.

You visited 1 branch of the dungeon, and saw 5 of its levels.

You collected 249 gold pieces.

Inventory:

Hand Weapons
 a - a +0 long sword (weapon)
 u - a +4 quarterstaff of chaos
Armour
 b - a +0 scale mail (worn)
 c - a +0 shield (worn)
 o - a +0 pair of gloves (worn)
 v - a +0 cloak (worn)
Jewellery
 e - a ring of positive energy (left hand)
Wands
 s - a wand of flame (4/48)
Scrolls
 g - 2 scrolls of identify
 j - 2 scrolls of remove curse
 n - a scroll of fear
Potions
 d - a potion of might
 h - a potion of degeneration {unknown}
 k - a potion of lignification {unknown}
 l - a potion of brilliance
 m - a potion of heal wounds
 q - a potion of magic {unknown}
 t - a potion of flight {unknown}
Books
 r - a book of Cantrips

   Spells                             Type                      Level
   a - Confusing Touch                Hexes                        1
   b - Animate Skeleton               Necromancy                   1
   c - Summon Small Mammal            Summoning                    1
   d - Apportation                    Translocation                1
Comestibles
 f - 4 bread rations
 i - a meat ration
 p - a royal jelly


   Skills:
 + Level 5.1 Fighting
 + Level 6.8 Long Blades
 + Level 5.9 Armour
 + Level 2.9 Dodging
 + Level 6.3 Shields


You had 6 spell levels left.
You didn't know any spells.

Dungeon Overview and Level Annotations

Branches:
Dungeon (5/15)
 Temple: D:4-7

Altars:
Dithmenos
Uskayaw


Innate Abilities, Weirdness & Mutations

You reflexively headbutt those who attack you in melee.
You have a pair of horns on your head.
You are clumsy. (Dex -2)
You are robust. (+10% HP)


Message History

The centaur closely misses you. You block the centaur's attack.
You barely miss the centaur.
The centaur is heavily wounded.
You block the centaur's attack. The centaur hits you.
* * * LOW HITPOINT WARNING * * *
You hit the centaur. You headbutt the centaur.
The centaur is almost dead.
The centaur hits you!
* * * LOW HITPOINT WARNING * * *
You hit the centaur. Your headbutt misses the centaur.
The centaur is almost dead.
The centaur hits you.
* * * LOW HITPOINT WARNING * * *
You block the centaur's attack.
You barely miss the centaur.
The centaur is almost dead.
The centaur hits you.
* * * LOW HITPOINT WARNING * * *
The centaur hits you.
You die...

#......### #........##
#####..........
...............
...............
...............
...............
.......@c......
####+###..........
#......###(####### #...
#......'.((..# #...
#......#.....# +...
#......#.(...# #...
#......#############+###...
#......#...................
#####'###...................


You could see a centaur.

Vanquished Creatures
  Grinder (D:4)
  Edmund (D:4)
  A phantom (D:5)
  A black bear (D:4)
  A scorpion (D:3)
  Crazy Yiuf (D:4)
  A hound (D:4)
  An orc priest (D:4)
  2 iguanas (D:4)
  An orc wizard (D:5)
  2 worker ants (D:4)
  7 adders
  2 worms (D:2)
  A dart slug (D:2)
  3 leopard geckos
  12 orcs
  5 bats
  5 giant cockroaches
  5 hobgoblins
  15 jackals
  A ball python (D:3)
  7 frilled lizards
  14 goblins
  8 kobolds
  5 rats
103 creatures vanquished.

Notes
Turn   | Place    | Note
-------+----------+-------------------------------------------
     0 | D:1      | Alfie the Minotaur Fighter began the quest for the Orb.
     0 | D:1      | Reached XP level 1. HP: 19/19 MP: 0/0
   126 | D:1      | Reached XP level 2. HP: 11/27 MP: 1/1
   495 | D:2      | Reached XP level 3. HP: 19/33 MP: 2/2
   513 | D:2      | Reached skill level 1 in Dodging
   949 | D:2      | Reached XP level 4. HP: 38/40 MP: 3/3
  1356 | D:3      | Found a hide-covered altar of Uskayaw.
  1446 | D:3      | Reached XP level 5. HP: 43/46 MP: 4/4
  1507 | D:3      | Reached skill level 5 in Armour
  1793 | D:4      | Reached skill level 5 in Shields
  1838 | D:4      | Found a runed door.
  2125 | D:4      | Noticed Edmund
  2132 | D:4      | Killed Edmund
  2132 | D:4      | Reached XP level 6. HP: 40/53 MP: 5/5
  2190 | D:4      | Noticed Grinder
  2221 | D:4      | Reached skill level 5 in Long Blades
  2221 | D:4      | Reached XP level 7. HP: 37/60 MP: 6/6
  2233 | D:4      | Killed Grinder
  2233 | D:4      | Reached skill level 5 in Fighting
  2239 | D:4      | Gained mutation: You are clumsy. (Dex -2) [potion of mutation]
  2239 | D:4      | Gained mutation: You are robust. (+10% HP) [potion of mutation]
  2679 | D:4      | Noticed Crazy Yiuf
  2683 | D:4      | Killed Crazy Yiuf
  2727 | D:5      | Entered Level 5 of the Dungeon
  2794 | D:5      | Found a shadowy altar of Dithmenos.
  2827 | D:5      | Slain by a centaur

Skill      XL: |  1  2  3  4  5  6  7 |
---------------+----------------------+-----
Armour         | 4 5 |  5.9
Shields        | 4 5 6 |  6.3
Fighting       | 4 5 |  5.1
Dodging        | 1 2 |  2.9
Long Blades    | 3 4 5 6 |  6.8

Action                   |  1- 3 |  4- 6 |  7- 9 || total
-------------------------+-------+-------+-------++-------
Melee: Long sword        |    93 |   132 |    71 ||   296
       Headbutt          |    24 |    25 |    14 ||    63
  Use: Scroll            |     6 |     3 |     1 ||    10
       Potion            |       |       |     3 ||     3
  Eat: Royal jelly       |       |     1 |       ||     1
       Bread ration      |       |     1 |       ||     1
Armor: Scale mail        |    50 |    65 |    26 ||   141
Dodge: Dodged            |    34 |    52 |    25 ||   111
Block: Shield            |    56 |    91 |    41 ||   188
       Rpst.: Long sword |     7 |    17 |     8 ||    32
